 Dungeon Crawl Stone Soup version 0.30-a0-263-ge22c4ad894 (webtiles) character file.

Game seed: 15841260486820439233

63 Flugkiller the Sneak (level 4, -2/30 (31) HPs)
             Began as an Octopode Delver on Oct 13, 2022.
             Was a Believer of Jiyva.
             Slain by a wight
             ... wielding a +4 dire flail
              (8 damage)
             ... in a sewer.
             The game lasted 00:01:59 (586 turns).

Flugkiller the Sneak (Octopode Delver)               Turns: 586, Time: 00:01:59

HP:   -2/30 (31)    AC:  1    Str: 11    XL:     4   Next: 9%
MP:   4/4           EV: 14    Int: 12    God:    Jiyva [**....]
Gold: 38            SH:  0    Dex: 15    Spells: 3/3 levels left

rFire   . . .      SeeInvis .    a - +0 short sword
rCold   . . .      Faith    .    (no shield)
rNeg    . . .      Spirit   .    (helmet restricted)
rPois   .          Reflect  .    (no amulet)
rElec   .          Harm     .    (no ring)
rCorr   +          Rampage  .    (no ring)
Will    .....                    (no ring)
Stlth   ++++......               (no ring)
HPRegen 1.21/turn                (no ring)
MPRegen 0.39/turn                (no ring)
                                 (no ring)
                                 (no ring)

@: hasted, lightly drained, very quick
A: almost no armour, amphibious, 8 rings, camouflage 1, gelatinous body 1,
(nimble swimmer 1), tentacles
a: Renounce Religion


You were in a sewer.
You worshipped Jiyva.
Jiyva was pleased with you.
You visited 1 branch of the dungeon, and saw 3 of its levels.
You also visited: Sewer.

You collected 38 gold pieces.

Inventory:

Hand Weapons
 a - a +0 short sword (weapon)
 e - a +0 rapier
   (You found it on level 3 of the Dungeon)
 k - a +0 great sword
   (You found it on level 3 of the Dungeon)
Missiles
 m - 5 curare-tipped darts (quivered)
Wands
 f - a wand of digging (3)
Scrolls
 b - a scroll of fog
 d - a scroll of fear
 g - a scroll of vulnerability {unknown}
 j - a scroll of teleportation {unknown}
 l - a scroll of identify {unknown}
Potions
 c - a potion of invisibility {unknown}
 i - a potion of lignification {unknown}


   Skills:
 - Level 3.0 Fighting
 - Level 2.0 Short Blades
 + Level 4.2 Dodging
 - Level 6.6 Stealth


You had 3 spell levels left.
You didn't know any spells.
Your spell library was empty.

Dungeon Overview and Level Annotations

Branches:
Dungeon (5/15) Zot: 17527   Sewer (1/1) Zot: 5894
 Temple: D:4-7

Altars:
Hepliaklqana
Makhleb
Jiyva


Innate Abilities, Weirdness & Mutations

You cannot wear most types of armour.
You are amphibious.
You can wear up to eight rings at the same time.
Your skin changes colour to match your surroundings (Stealth+).
Your rubbery body absorbs attacks. (AC +1, EV +1)
((You are camouflaged when in or above water. (Stealth+)))
You have tentacles for arms and can constrict up to eight enemies at once.


Message History

The giant cockroach zombie bites you.
You hit the giant cockroach zombie.
You destroy the giant cockroach zombie!
You hit the kobold but do no damage. You grab the kobold.
You squeeze the kobold.
You kill the kobold!
You hear a splash. x2
Things that are here:
a +0 whip; 2 stones A shadow imp comes into view.
There is an open door here.
The shadow imp shouts, "Decamp, thou puking wibble-sucking buzzard-bait!"
The shadow imp shouts, "Decamp, thou horrid miscreant puttock!"
You hit the shadow imp. Your grab misses the shadow imp.
The shadow imp is lightly wounded.
A kobold comes into view. It is wielding a +0 dagger.
The shadow imp shouts, "Out, out, thou wayward dismal-dreaming joithead!"
The shadow imp splashes around in the water.
You barely miss the shadow imp. You grab the shadow imp.
You squeeze the shadow imp!
The shadow imp is severely wounded.
You constrict the shadow imp. The shadow imp closely misses you.
The shadow imp gestures at you. Pain shoots through your body!
You are too injured to fight recklessly!
You are too injured to fight recklessly!
You hit the shadow imp but do no damage.
The shadow imp is almost dead.
You constrict the shadow imp. The shadow imp completely misses you.
The shadow imp gestures at you. Pain shoots through your body!
* * * LOW HITPOINT WARNING * * *
You hit the shadow imp but do no damage.
The shadow imp is almost dead.
You constrict the shadow imp.
You kill the shadow imp!
The shadow imp hits you.
* * * LOW HITPOINT WARNING * * *
Your Dodging skill increases to level 4!
You hit the shadow imp but do no damage.
You grab the shadow imp.
You squeeze the shadow imp, but do no damage.
You constrict the shadow imp. The shadow imp misses you.
You hit the shadow imp but do no damage.
The shadow imp is lightly wounded.
You constrict the shadow imp. You hit the shadow imp.
The shadow imp is heavily wounded.
You constrict the shadow imp. The shadow imp barely misses you.
You hit the shadow imp.
The shadow imp is severely wounded.
You constrict the shadow imp. The shadow imp closely misses you.
You barely miss the kobold. Your grab misses the kobold.
You constrict the shadow imp.
You kill the shadow imp!
The kobold hits you but does no damage.
You have reached level 4!
You barely miss the kobold. Your grab misses the kobold.
You squeeze the kobold.
You kill the kobold!
You hear a splash.
You see here a +0 dagger.
There is an open door here.
A bat comes into view.
A kobold comes into view. It is wielding a +0 whip.
The bat moves out of view.
A wight comes into view. It is wielding a +4 dire flail.
A kobold comes into view.
It is wielding a +0 dagger and quivering poisoned darts.
Found an ancient bone altar of Kikubaaqudgha.
The kobold shouts!
A kobold brigand comes into view.
It is wielding a +2 long sword of freezing and quivering poisoned darts. 2 kobolds come into view.
There is an open door here.
The wight attacks as you move away! The wight misses you.
The kobold throws a poisoned dart.
The poisoned dart barely misses you.
Okay, then.
You feel yourself speed up.
The wight hits you with a +4 dire flail!
Ouch! That really hurt!
The kobold shouts!
You hit the wight but do no damage. Your grab misses the wight.
You squeeze the wight.
The wight is moderately damaged.
You hear a shout! x2
The wight misses you.
You hit the wight but do no damage. You grab the wight.
The wight is moderately damaged.
You constrict the wight, but do no damage.
The wight hits you with a +4 dire flail!
* * * LOW HITPOINT WARNING * * *
You feel drained.
* * * LOW HITPOINT WARNING * * *
You hit the wight but do no damage.
The wight is moderately damaged.
You constrict the wight. You hit the wight but do no damage.
The wight is moderately damaged.
You constrict the wight, but do no damage.
The wight hits you with a +4 dire flail!
You die...

#..≈ ...≈# ≈ #.~≈
K''## ≈≈ #.~≈ .....#
##≈###.####.###..⌠...
.......≈≈#...#.....⌠.
.....≈≈≈≈.K.'.⌠._...
.....≈≈#.b.#.....⌠.
≈###≈#.####z###.K⌠...
≈≈≈≈~~...#@~~# .K...#
≈≈≈≈≈≈...#..≈# '''##
≈≈≈≈≈≈≈).#.~≈# ...≈#
≈≈≈≈≈≈≈~.#.≈≈# ..≈#
≈≈≈≈≈≈≈~.#.~≈# ..≈#
≈≈≈≈≈≈≈..'.)≈#
#################)##
≈≈≈~≈≈~≈≈≈≈~≈≈~...~#
≈≈~≈≈≈≈≈≈≈~≈≈~~~~.≈#


You could see a kobold brigand, a wight, a bat and a kobold.

Vanquished Creatures
  An adder (D:3)
  3 shadow imps (Sewer)
  An ufetubus (Sewer)
  A dart slug (D:4)
  2 giant cockroaches
  A goblin (D:4)
  2 jackals (D:3)
  9 kobolds
  A quokka (D:3)
  A ball python (D:3)
  A frilled lizard (D:3)
  A giant cockroach zombie (Sewer)
  2 rats (D:3)
26 creatures vanquished.

Vanquished Creatures (others)
  A jelly (Sewer)
  2 ufetubi (Sewer)
  3 endoplasms (Sewer)
  A giant cockroach zombie (Sewer)
  3 fungi (D:4)
  18 plants (D:3)
28 creatures vanquished.

Grand Total: 54 creatures vanquished

Notes
Turn   | Place    | Note
-------+----------+-------------------------------------------
     0 | D:5      | Flugkiller the Octopode Delver began the quest for the Orb.
     0 | D:5      | Reached XP level 1. HP: 16/16 MP: 1/1
     6 | D:5      | Noticed an ogre
    44 | D:4      | Noticed an iguana
   112 | D:3      | Found a faded altar of an unknown god.
   118 | D:3      | Prayed at the altar of an unknown god.
   118 | D:3      | Became a worshipper of Jiyva Jegaffin the Shapeless
   118 | D:3      | Reached * piety under Jiyva
   135 | D:3      | Reached XP level 2. HP: 19/21 MP: 2/2
   237 | D:3      | Found a hazy altar of Hepliaklqana.
   392 | D:3      | Found a burning altar of Makhleb.
   441 | D:3      | Found a glowing drain.
   476 | Sewer    | Entered a sewer
   476 | Sewer    | Reached ** piety under Jiyva
   493 | Sewer    | Reached XP level 3. HP: 26/26 MP: 3/3
   566 | Sewer    | Reached XP level 4. HP: 11/31 MP: 4/4
   577 | Sewer    | Found an ancient bone altar of Kikubaaqudgha.
   577 | Sewer    | Noticed a kobold brigand
   586 | Sewer    | Slain by a wight

Illustrated notes

Levels and vault maps discovered:
D:3:      layout_loops_cross, nicolae_hepliaklqana_hazy_memory,
          makhleb_altar_promises_db, portal_sewer_entry_a,
          dreamdust_ecumenical_altar_angels_and_demons, serial_bayou,
          serial_bayou_lagoon_b, serial_bayou_lagoon_a, serial_bayou_pond_d
D:4:      layout_loops_ring, chequers_temple_overflow_minitemple,
          ebering_ghost_rock_garden, minmay_hedge_maze,
          dreamdust_mushroom_princess, uniq_pikel
D:5:      layout_cave_pools, lemuel_coloured_pillars_altar, lemuel_tele_altar,
          eino_tiny_chamber, minivault_23, nrook_mini_vaults
Sewer:    kennysheep_sewer_church

Skill      XL: |  1  2  3 |
---------------+----------+-----
Dodging        | 3 4 |  4.2
Fighting       | |  3.0
Short Blades   | |  2.0
Stealth        | |  6.6

Action                   |  1- 3 |  4- 6 || total
-------------------------+-------+-------++-------
Melee: Short sword       |    63 |     5 ||    68
       Constrict         |    18 |     1 ||    19
       Tentacles         |    10 |     2 ||    12
       Punch             |     2 |       ||     2
  Use: Scroll            |     1 |       ||     1
       Potion            |       |     1 ||     1
 Stab: Sleeping          |     4 |       ||     4
Armor: Skin              |     3 |       ||     3
Dodge: Dodged            |    23 |     3 ||    26

Table legend: (Time is in decaauts)
 A = Elapsed time spent in this place.
 B = Non-inter-level travel time spent in this place.
 C = Inter-level travel time spent in this place.
 D = Time resting spent in this place.
 E = Time spent auto-exploring this place.
 F = Levels seen in this place.
 G = Mean time per level.
                   A        B        C        D        E       F      G
               +--------+--------+--------+--------+--------+-----+--------+
         Total |    577 |    555 |     22 |      0 |    179 |   4 |  144.2 |
       Dungeon |    473 |    451 |     22 |      0 |    150 |   3 |  157.7 |
         Sewer |    104 |    104 |      0 |      0 |     29 |   1 |  104.0 |
               +--------+--------+--------+--------+--------+-----+--------+

Top non-repeatable levels by time:
     D:3: 397 daAuts
   Sewer: 104 daAuts
     D:4: 62 daAuts
     D:5: 13 daAuts
